 Dungeon Crawl Stone Soup version 0.19.5 (webtiles) character file.

322 tof the Cudgeler (level 6, -11/79 HPs)
             Began as a Minotaur Berserker on Mar 9, 2017.
             Was a Believer of Trog.
             Mangled by an orc warrior
             ... wielding a +1 long sword of slicing
              (18 damage)
             ... on level 3 of the Dungeon.
             The game lasted 00:05:27 (2126 turns).

tof the Cudgeler (Minotaur Berserker)               Turns: 2126, Time: 00:05:28

Health: -11/79     AC:  4    Str: 27    XL:     6   Next: 22%
Magic:  5/5        EV: 13    Int:  4    God:    Trog [**....]
Gold:   124        SH:  0    Dex: 11    Spells: 0 memorised, 5 levels left

rFire  . . .     SeeInvis .     a - +0 mace
rCold  . . .     Gourm    .     b - +0 animal skin
rNeg   . . .     Faith    .     (no shield)
rPois  .         Spirit   .     (helmet restricted)
rElec  .         Reflect  .     (no cloak)
rCorr  .         Harm     .     (no gloves)
MR     .....     Clarity  +     (no boots)
Stlth  ..........               (no amulet)
                                (no ring)
                                (no ring)

@: berserking, very quick
A: retaliatory headbutt, horns 2, talons 1, icy blue scales 1, clarity
a: Berserk, Trog's Hand, Burn Spellbooks, Renounce Religion


You were on level 3 of the Dungeon.
You worshipped Trog.
Trog was pleased with you.
You were very hungry.

You visited 1 branch of the dungeon, and saw 4 of its levels.

You collected 124 gold pieces.

Inventory:

Hand Weapons
 a - a +0 mace (weapon)
Armour
 b - a +0 animal skin (worn)
 p - a +0 cloak
Scrolls
 d - a scroll of magic mapping {unknown}
 e - 3 scrolls of identify {unknown}
 f - a scroll of recharging {unknown}
 g - 2 scrolls of fear {unknown}
 i - 2 scrolls of blinking {unknown}
 j - a scroll of enchant armour {unknown}
 k - a scroll of remove curse {unknown}
 l - a scroll of enchant weapon {unknown}
 m - a scroll of teleportation {unknown}
 n - a scroll of random uselessness {unknown}
Comestibles
 c - 3 bread rations
 h - a royal jelly
 o - a meat ration


   Skills:
 + Level 4.7 Fighting
 * Level 5.6 Maces & Flails
 + Level 4.0 Armour
 + Level 3.6 Dodging
 + Level 1.9 Stealth


You had 5 spell levels left.
You didn't know any spells.

Dungeon Overview and Level Annotations

Branches:
Dungeon (4/15)
 Temple: D:4-7

Altars:
Okawaru


Innate Abilities, Weirdness & Mutations

You reflexively headbutt those who attack you in melee.
You have a pair of horns on your head.
You have sharp toenails.
You are partially covered in icy blue scales. (AC +2)
You possess an exceptional clarity of mind.


Message History

* * * LOW HITPOINT WARNING * * *
x2 You are too injured to fight recklessly!
You are too injured to fight recklessly!
You are too injured to fight recklessly!
You are too injured to fight recklessly!
You are too injured to fight recklessly!
You closely miss the orc warrior.
You claw the orc warrior, but do no damage.
You headbutt the orc warrior, but do no damage.
The orc warrior is moderately wounded.
The orc warrior hits you with a long sword of slicing.
* * * LOW HITPOINT WARNING * * *
x2 You closely miss the orc warrior.
You claw the orc warrior. You headbutt the orc warrior.
The orc warrior is heavily wounded.
You hit the orc warrior but do no damage.
You claw the orc warrior. Your headbutt misses the orc warrior.
The orc warrior is severely wounded.
The orc warrior hits you with a long sword of slicing!!
You die...

##......##.....#.#
#......##.###.#.#
#......##.....#)#
#......######.#.#
#..(...# #.#)#
######## #...#
######.).#
#...###..#
########...###o@#
##)...........K###
...............#
........(......#
...............#
...#############
...# ...# ...#


You could see an orc warrior and a kobold.

Vanquished Creatures
  The ghost of tricornhat the Slasher, an amateur DsGl (D:3)
  A killer bee (D:3)
  2 orc wizards (D:3)
  An adder (D:2)
  A gnoll (D:3)
  A worm (D:2)
  3 dart slugs
  4 orcs (D:3)
  3 giant cockroaches
  8 goblins
  9 hobgoblins
  4 jackals (D:1)
  8 kobolds
  3 quokkas
  6 bats
  6 frilled lizards
  6 rats
67 creatures vanquished.

Notes
Turn   | Place    | Note
-------+----------+-------------------------------------------
     0 | D:1      | tof the Minotaur Berserker began the quest for the Orb.
     0 | D:1      | Reached XP level 1. HP: 19/19 MP: 0/0
    68 | D:1      | Reached XP level 2. HP: 14/26 MP: 1/1
   282 | D:1      | Reached skill level 4 in Maces & Flails
   629 | D:1      | Reached XP level 3. HP: 33/33 MP: 2/2
   631 | D:1      | Reached ** piety under Trog
  1107 | D:2      | Gained mutation: You have sharp toenails. [potion of mutation]
  1107 | D:2      | Gained mutation: You are partially covered in icy blue scales. (AC +2) [potion of mutation]
  1107 | D:2      | Gained mutation: You possess an exceptional clarity of mind. [potion of mutation]
  1439 | D:3      | Reached XP level 4. HP: 36/40 MP: 3/3
  1496 | D:3      | Reached skill level 1 in Stealth
  1679 | D:3      | Reached skill level 5 in Maces & Flails
  1679 | D:3      | Reached XP level 5. HP: 36/47 MP: 4/4
  1793 | D:3      | Noticed tricornhat's ghost (amateur DsGl)
  1801 | D:3      | Killed tricornhat's ghost
  1801 | D:3      | Reached XP level 6. HP: 53/53 MP: 5/5
  1840 | D:3      | Found an iron altar of Okawaru.
  1863 | D:3      | Noticed an orc warrior
  2126 | D:3      | Mangled by an orc warrior

Skill      XL: |  1  2  3  4  5  6 |
---------------+-------------------+-----
Maces & Flails | 4 5 |  5.6
Armour         | 3 4 |  4.0
Fighting       | 4 |  4.7
Stealth        | 1 |  1.9
Dodging        | 3 |  3.6

Action                   |  1- 3 |  4- 6 || total
-------------------------+-------+-------++-------
Melee: Mace              |    82 |    69 ||   151
       Headbutt          |    15 |     8 ||    23
       Kick              |     6 |    20 ||    26
Invok: Berserk           |       |     2 ||     2
       Trog's Hand       |       |     1 ||     1
  Use: Potion            |     5 |       ||     5
  Eat: Chunk             |     2 |     3 ||     5
Armor: Animal skin       |    13 |     9 ||    22
Dodge: Dodged            |    61 |    41 ||   102
